[Event "*** Titled Tuesday Blitz"]
[Site "Chess.com"]
[Date "2021.04.27"]
[Round "5"]
[White "volkanyirik"]
[Black "volunteers1998"]
[Result "1-0"]
[WhiteElo "2419"]
[BlackElo "2208"]
[TimeControl "180+1"]
[EndTime "10:55:44 PDT"]
[Termination "volkanyirik won on time"]

1. e4 c5 2. Nc3 Nc6 3. f4 e6 4. Bc4 d6 5. Nf3 Nf6 6. O-O Be7 7. d3 O-O 8. Qe1 d5 9. Bb3 d4 10. Ne2 Rb8 11. a4 a6 12. Qg3 b5 13. axb5 axb5 14.
Bd2 Ne8 15. Qh3 e5 16. f5 Bd7 17. Ng3 Ra8 18. Nh5 Rxa1 19. Rxa1 Kh8 20. g4 Nf6 21. Nxf6 Bxf6 22. g5 Be7 23. Qh5 Qe8 24. Kh1 g6 25.
Qh3 c4 26. dxc4 b4 27. Nh4 Bc5 28. Qf3 gxf5 29. Nxf5 Qe6 30. Rf1 Na5 31. Nh6 Nxb3 32. cxb3 1-0

[Event "*** Titled Tuesday Blitz"]
[Site "Chess.com"]
[Date "2021.04.27"]
[Round "5"]
[White "Superfelix"]
[Black "TimofeevAr"]
[Result "0-1"]
[WhiteElo "2507"]
[BlackElo "2832"]
[TimeControl "180+1"]
[EndTime "10:55:45 PDT"]
[Termination "TimofeevAr won by resignation"]

1. e4 d5 2. exd5 Nf6 3. Nf3 Nxd5 4. d4 g6 5. Be2 Bg7 6. O-O O-O 7. h3 b6 8. Re1 Bb7 9. c3 c5 10. Bf1 cxd4 11.
Nxd4 Nc6 12. Nxc6 Bxc6 13. Nd2 Qc7 14. Nf3 Rad8 15. Qb3 b5 16. Bxb5 Rb8 17. c4 a6 18.
cxd5 Rxb5 19. Qa3 Bxd5 20. Qxe7 Qxe7 21. Rxe7 Rc8 22. Re2 a5 23. a3 a4 24. Ne1 h5 25.
Nd3 Rb3 26. Nb4 Be6 27. Re3 Rxe3 28. fxe3 Rd8 29. Nc2 Rd1+ 30. Kf2 Bb3 31. Nd4 Bxd4 32. exd4 f6 33. d5 Bxd5 34. b4 axb3 35. a4 b2 36. Bxb2 Rd2+ 37. Ke3 Rxb2 38. a5 Bxg2 39. h4 Rb4 40. a6 Rxh4 41. a7 Kg7 42. Ra2 Ba8 43. Ra5 Rb4 44. Rc5 Ra4 45. Rc7+ Kh6 46. Kd3 Kg5 47.
Kc3 h4 48. Rc4 0-1

[Event "*** Titled Tuesday Blitz"]
[Site "Chess.com"]
[Date "2021.04.27"]
[Round "5"]
[White "Pantata007"]
[Black "chessmadara"]
[Result "1-0"]
[WhiteElo "2314"]
[BlackElo "2140"]
[TimeControl "180+1"]
[EndTime "10:55:46 PDT"]
[Termination "Pantata007 won by resignation"]

1. d4 Nf6 2. c4 g6 3. Nc3 d5 4.
cxd5 Nxd5 5. e4 Nxc3 6. bxc3 Bg7 7. Nf3 c5 8. Be3 O-O 9. Be2 Nc6 10. O-O cxd4 11. cxd4 Bg4 12. d5 Na5 13. Bd4 e6 14.
Bxg7 Kxg7 15. Qd4+ Kg8 16. Rad1 b6 17. h3 Bxf3 18.
Bxf3 exd5 19. e5 Rc8 20. Bxd5 Qe7 21. Rfe1 Nc6 22. Qa4 Nb4 23. Bb3 a5 24. e6 f6 25.
Rd7 Qc5 26. e7+ Rf7 27. Bxf7+ 1-0

[Event "*** Titled Tuesday Blitz"]
[Site "Chess.com"]
[Date "2021.04.27"]
[Round "5"]
[White "exoticprincess"]
[Black "Gloomy_Wanderer"]
[Result "0-1"]
[WhiteElo "2912"]
[BlackElo "2731"]
[TimeControl "180+1"]
[EndTime "10:55:47 PDT"]
[Termination "Gloomy_Wanderer won by resignation"]

1. b3 d5 2. Bb2 c5 3. e3 Nf6 4. f4 Nc6 5. Nf3 Bg4 6. Be2 g6 7. O-O Bxf3 8. Bxf3 Bg7 9. Kh1 O-O 10. d3 Re8 11.
Nd2 e5 12. Rb1 Qc7 13. g3 Rad8 14. Bg2 exf4 15. exf4 Qc8 16. Bxf6 Bxf6 17. a4 Nd4 18. g4 Ne2 19. g5 Bg7 20. f5 Nc3 21. Qf3 Nxb1 22. fxg6 fxg6 23. Rxb1 Qe6 24. Nf1 Rf8 25. Qg3 Rde8 26. c4 dxc4 27. bxc4 Qe2 28. Qh3 b6 29. Ng3 Qxd3 30. Rc1 Qd2 31. Rb1 Re1+ 32.
Rxe1 Qxe1+ 33. Nf1 Bd4 34. Qd3 Qf2 0-1

[Event "*** Titled Tuesday Blitz"]
[Site "Chess.com"]
[Date "2021.04.27"]
[Round "5"]
[White "827883"]
[Black "catzapto"]
[Result "1-0"]
[WhiteElo "2252"]
[BlackElo "2107"]
[TimeControl "180+1"]
[EndTime "10:55:48 PDT"]
[Termination "827883 won by resignation"]

1. e4 c5 2. Nf3 e6 3. d4 cxd4 4.
Nxd4 Nf6 5. Nc3 Bb4 6. e5 Nd5 7.
Bd2 Qa5 8. Nxd5 Bxd2+ 9. Qxd2 Qxd5 10. f4 O-O 11. Nb5 Qxd2+ 12. Kxd2 Na6 13. Nd6 Nc7 14.
Bd3 f6 15. Rhf1 b6 16. Be4 Rb8 17. b4 Ba6 18. c4 b5 19. c5 Ne8 20. Rac1 fxe5 21.
fxe5 Rxf1 22. Rxf1 Nxd6 23. exd6 Bb7 24. Ke3 Bxe4 25.
Kxe4 Rf8 26. Rxf8+ Kxf8 27. g4 Ke8 28. g5 Kd8 29.
Ke5 Kc8 30. c6 dxc6 31. Kxe6 Kd8 32. d7 a6 33. Kd6 c5 34. bxc5 1-0

[Event "*** Titled Tuesday Blitz"]
[Site "Chess.com"]
[Date "2021.04.27"]
[Round "5"]
[White "Ermito2020"]
[Black "Msb2"]
[Result "0-1"]
[WhiteElo "2614"]
[BlackElo "2889"]
[TimeControl "180+1"]
[EndTime "10:55:50 PDT"]
[Termination "Msb2 won by resignation"]

1. e4 c6 2. d4 d5 3. e5 Bf5 4. Nf3 e6 5. Be2 c5 6. Be3 Nd7 7. O-O Ne7 8. c4 dxc4 9. Na3 c3 10. bxc3 Nd5 11. Bg5 Be7 12. Bxe7 Qxe7 13. Nb5 O-O 14. c4 Nf4 15. Nd6 cxd4 16. Nxd4 Nxe5 17. N4xf5 exf5 18. Nxf5 Qg5 19. Ng3 Rad8 20. Qb3 h5 21. h4 Qxh4 22. Qxb7 Qg5 23. Bd1 h4 24. Ne2 Rxd1 25. Rfxd1 Nxe2+ 26. Kf1 Nf4 27. c5 Ng4 28. Qe4 h3 29. g3 Ne6 30.
Rd5 Qf6 31. Qxg4 Qxa1+ 32. Rd1 Qxa2 33. Qxh3 Qc4+ 34. Kg1 Qxc5 35. Qg4 Rd8 36. Ra1 Qd4 37. Rb1 Qxg4 0-1

[Event "*** Titled Tuesday Blitz"]
[Site "Chess.com"]
[Date "2021.04.27"]
[Round "5"]
[White "mac0504"]
[Black "Rodalquilar"]
[Result "0-1"]
[WhiteElo "2590"]
[BlackElo "2763"]
[TimeControl "180+1"]
[EndTime "10:55:51 PDT"]
[Termination "Rodalquilar won by resignation"]

1. e4 d5 2. exd5 Qxd5 3. Nc3 Qa5 4. d4 Nf6 5. Nf3 Bf5 6. Bc4 e6 7. Bf4 Bd6 8. Ne5 Nbd7 9. Qe2 Ne4 10. O-O Nxc3 11. bxc3 Qxc3 12. Bb5 c6 13. Bd3 Qxd4 14. Nxf7 Kxf7 15. Bxf5 Qxf4 16. Qxe6+ Kf8 17. g3 Nc5 18. gxf4 Nxe6 19. Bxe6 Bxf4 20. Rad1 Re8 21. Rfe1 g6 22. Rd7 Re7 23. Rxe7 Kxe7 24. Bc8+ Kd6 25. Bxb7 Rb8 26. Ba6 Rb2 27. Bc4 Rxc2 28. Bb3 Rd2 29. Re6+ Kc5 30. Re7 a5 31. Rxh7 Be5 32. Ra7 Kb6 33. Rg7 Bxg7 0-1

[Event "*** Titled Tuesday Blitz"]
[Site "Chess.com"]
[Date "2021.04.27"]
[Round "5"]
[White "guillembaches"]
[Black "Chernov_Alexander_A"]
[Result "1-0"]
[WhiteElo "2510"]
[BlackElo "2326"]
[TimeControl "180+1"]
[EndTime "10:55:51 PDT"]
[Termination "guillembaches won on time"]

1. e4 c6 2. c4 d5 3. exd5 cxd5 4. cxd5 Nf6 5. Nc3 g6 6. Nf3 Bg7 7. Bc4 O-O 8. O-O Nbd7 9. Qb3 Nb6 10. d3 a5 11. Be3 Nbd7 12. Rfe1 b6 13. Nd4 Nc5 14. Qa3 Bb7 15. Nc6 Qd6 16. Nb5 Qd7 17. Bxc5 bxc5 18. Rxe7 Qf5 19. Rxb7 Qh5 20. h3 Qe2 21. Qb3 Nh5 22. d4 Qd2 23. Rd1 Qg5 24. Qf3 cxd4 25. Nbxd4 a4 26. d6 Nf4 27. d7 h5 28. d8=Q Rfxd8 29. Nxd8 Rxd8 30. Rxf7 Kh8 31. Rxf4 Be5 32. Rf8+ 1-0

[Event "*** Titled Tuesday Blitz"]
[Site "Chess.com"]
[Date "2021.04.27"]
[Round "5"]
[White "Trovita84"]
[Black "A-S-00"]
[Result "0-1"]
[WhiteElo "2147"]
[BlackElo "2325"]
[TimeControl "180+1"]
[EndTime "10:55:51 PDT"]
[Termination "A-S-00 won by resignation"]

1. e4 c5 2. Nc3 e6 3. g3 Nc6 4.
Bg2 g6 5. Nge2 Bg7 6. O-O Nge7 7.
d3 O-O 8. Be3 b6 9. d4 cxd4 10.
Nxd4 Na5 11. f4 Ba6 12. Re1 Nc4 13. Bc1 Rc8 14. Kh1 d6 15. Rb1 Na3 16. bxa3 Rxc3 17.
Bb2 Rc8 18. Qd2 Qc7 19. Rbc1 Qc4 20. Bf1 Qa4 21. Bxa6 Qxa6 22. Qb4 Rc4 23. Qxd6 Qb7 24. c3 Nc8 25. Qxf8+ Kxf8 26. h3 Nd6 27. Kh2 Nxe4 28.
a4 Nd2 29. Ba3+ Kg8 30. Re3 Bxd4 31. cxd4 Rxc1 32. Bxc1 Nf3+ 33. Kh1 Nxd4+ 34. Kg1 Qc6 35. Bd2 Nf3+ 36. Kf2 Nxd2 37. Rd3 Ne4+ 38. Ke3 Nc5 39. Rd8+ Kg7 0-1

[Event "*** Titled Tuesday Blitz"]
[Site "Chess.com"]
[Date "2021.04.27"]
[Round "5"]
[White "shreyansshah123"]
[Black "HanSchut"]
[Result "0-1"]
[WhiteElo "1693"]
[BlackElo "2288"]
[TimeControl "180+1"]
[EndTime "10:55:51 PDT"]
[Termination "HanSchut won by resignation"]

1. d4 Nf6 2. Nf3 g6 3. Bf4 Bg7 4. e3 d6 5. Bd3 Nh5 6. Bg3 Nxg3 7. hxg3 O-O 8. Nbd2 Nc6 9. c3 e5 10. dxe5 dxe5 11. Bc2 h6 12. Qe2 Be6 13. O-O-O Qe7 14. Bb3 Na5 15. Bxe6 Qxe6 16. Kb1 a6 17. Nh4 b5 18. g4 Rfb8 19. Ka1 b4 20. c4 b3 21. a3 Qc6 22. Rc1 Qa4 23. Qd1 Bf8 24. c5 Rb5 25. Ne4 Nc4 26. Kb1 Nxa3+ 27. bxa3 Qxa3 28. Nc3 Rxc5 29. Qd2 Rb8 30. Qb2 Qb4 31. Nf3 Bg7 32. g5 h5 33. Rhd1 a5 34. Nd5 Qe4+ 35.
Ka1 Rxc1+ 36. Rxc1 Qxd5 37. Rxc7 a4 38. Rc1 Qd6 39.
Kb1 a3 40. Qc3 Rd8 41. Qc7 Qd3+ 42. Rc2 bxc2+ 43. Ka2 Qd5+ 44. Ka1 Qd1+ 45. Ka2 c1=Q 0-1

[Event "*** Titled Tuesday Blitz"]
[Site "Chess.com"]
[Date "2021.04.27"]
[Round "5"]
[White "aljado"]
[Black "paulrusan"]
[Result "0-1"]
[WhiteElo "2032"]
[BlackElo "2226"]
[TimeControl "180+1"]
[EndTime "10:55:51 PDT"]
[Termination "paulrusan won by checkmate"]

1. e4 c5 2. Nf3 Nc6 3. d4 cxd4 4.
Nxd4 e5 5. Nf3 Nf6 6. Nc3 Bb4 7.
Bd3 d5 8. exd5 Nxd5 9. Bd2 Bxc3 10. bxc3 O-O 11. O-O f5 12. Bc4 Kh8 13. Ng5 h6 14. Qh5 Nf6 15. Nf7+ Rxf7 16. Qxf7 Qxd2 17. Rad1 Qxc3 18. Qf8+ Kh7 19. Bf7 Qb4 20. Qxb4 Nxb4 21. Rd8 b6 22. c3 Nc6 23. Rd6 Na5 24. Re1 e4 25. h4 h5 26. f3 Bb7 27. fxe4 Bxe4 28. g4 hxg4 29. h5 Rc8 30. Bg6+ Kh6 31. Kf2 Rxc3 32. Rd8 Kg5 33. Rd6 Nc4 34. Rd4 Rc2+ 35.
Kg3 f4# 0-1

[Event "*** Titled Tuesday Blitz"]
[Site "Chess.com"]
[Date "2021.04.27"]
[Round "5"]
[White "malakismayil"]
[Black "halldorgretar"]
[Result "1/2-1/2"]
[WhiteElo "2252"]
[BlackElo "2125"]
[TimeControl "180+1"]
[EndTime "10:55:53 PDT"]
[Termination "Game drawn by repetition"]

1. e4 e5 2. Nf3 Nc6 3. Bc4 Bc5 4.
d3 Nf6 5. O-O d6 6. Be3 Bb6 7.
h3 O-O 8. Nc3 h6 9. Qd2 Kh7 10.
d4 exd4 11. Nxd4 Nxd4 12. Bxd4 Bxd4 13. Qxd4 a6 14. Rad1 b5 15. Bd3 c5 16. e5+ g6 17.
Qxd6 Qxd6 18. exd6 c4 19. Be4 Nxe4 20. Nxe4 Bf5 21.
f3 Kg7 22. g4 Bxe4 23. fxe4 Rfe8 24. Rd4 Rad8 25. d7 Re7 26. Rfd1 Kf6 27. Kf2 Re6 28. Rd6 Ke7 29. R6d4 h5 30. gxh5 gxh5 31. Kf3 Rf6+ 32. Ke3 Rg6 33. Kf3 Rf6+ 34. Ke2 Rg6 35. Kf3 Rf6+ 1/2-1/2

[Event "*** Titled Tuesday Blitz"]
[Site "Chess.com"]
[Date "2021.04.27"]
[Round "5"]
[White "ljuks68"]
[Black "maximych26"]
[Result "0-1"]
[WhiteElo "2447"]
[BlackElo "2306"]
[TimeControl "180+1"]
[EndTime "10:55:54 PDT"]
[Termination "maximych26 won on time"]

1. e4 c6 2. d4 d5 3. e5 Bf5 4. Nd2 e6 5. Nb3 h6 6. Nf3 Nd7 7. Be2 c5 8. dxc5 Nxc5 9. O-O Nxb3 10. axb3 Ne7 11. b4 a6 12. Be3 Bg4 13. b5 axb5 14.
Bxb5+ Nc6 15. Rxa8 Qxa8 16. h3 Bxf3 17. Qxf3 Be7 18. Qg3 g6 19. c4 dxc4 20. Bxc4 h5 21. Bxe6 fxe6 22. Qxg6+ Kd7 23. Rd1+ Kc7 24. Qxe6 Qc8 25.
Qc4 Kb8 26. Bf4 Rd8 27. e6+ Ka7 28. Ra1+ Kb6 29. Qb3+ Bb4 30. Ra4 Kb5 31. e7 Rd4 32.
Be3 Rd7 33. Rxb4+ Nxb4 34. Qe6 Rd1+ 0-1

[Event "*** Titled Tuesday Blitz"]
[Site "Chess.com"]
[Date "2021.04.27"]
[Round "5"]
[White "Apocalyps999"]
[Black "KhatanbaatarBazar"]
[Result "0-1"]
[WhiteElo "2440"]
[BlackElo "2658"]
[TimeControl "180+1"]
[EndTime "10:55:55 PDT"]
[Termination "KhatanbaatarBazar won by resignation"]

1. e4 e5 2. Nf3 Nc6 3. Bc4 Bc5 4. b4 Bxb4 5. c3 Be7 6. d4 d6 7. Qb3 Na5 8. Bxf7+ Kf8 9. Qa4 Kxf7 10. Qxa5 exd4 11.
cxd4 c6 12. Qc3 Nf6 13. Nbd2 h6 14. O-O Be6 15. Bb2 Re8 16. e5 dxe5 17. dxe5 Nd5 18. Qc2 Kg8 19. a3 Rf8 20. Rad1 Qe8 21. Nd4 Qf7 22.
Nxe6 Qxe6 23. Nb3 Nf4 24. g3 Nh3+ 25. Kg2 Ng5 26. Nd4 Qh3+ 27. Kh1 c5 28. f4 cxd4 29. Qc4+ Nf7 30. Qxd4 Rfd8 31. Qe4 Qe6 32. f5 Qc6 33. Qxc6 bxc6 34. e6 Nd6 35. g4 Ne4 36. Kg2 Bf6 37. Bxf6 Nxf6 38. Rc1 Rac8 39. h3 Kf8 40. Rf2 Ke7 41.
Rfc2 Rd6 42. Rc5 Ne4 43. Ra5 Rc7 44. Rc4 Nf6 45. Rca4 Rd2+ 46. Kf3 Rd3+ 47. Kg2 Nd5 48. Rxa7 Kd6 49. Rxc7 Nxc7 50. Ra7 Re3 51. a4 g6 52. a5 gxf5 53. gxf5 Re5 54. f6 Rxe6 55. f7 Rf6 56. a6 Rxf7 57. Rb7 Rf4 58. a7 Ra4 59. Kg3 c5 60. h4 Kc6 0-1

[Event "*** Titled Tuesday Blitz"]
[Site "Chess.com"]
[Date "2021.04.27"]
[Round "5"]
[White "shaheus"]
[Black "PlotnikovPavel"]
[Result "0-1"]
[WhiteElo "2167"]
[BlackElo "2474"]
[TimeControl "180+1"]
[EndTime "10:55:56 PDT"]
[Termination "PlotnikovPavel won on time"]

1. e4 c5 2. Nf3 d6 3. c3 Nf6 4.
Qb3 Nc6 5. d4 cxd4 6. cxd4 Nxe4 7. d5 Qa5+ 8. Nbd2 Nb4 9. a3 Nxd5 10. Qb5+ Qxb5 11. Bxb5+ Bd7 12. Bxd7+ Kxd7 13. Nxe4 f5 14. Nc3 Nxc3 15. bxc3 e6 16. Be3 Be7 17. Rb1 b6 18.
Ke2 Rhc8 19. Rhc1 Rc4 20. Nd2 Ra4 21. Rb3 f4 22. c4 fxe3 23. fxe3 Rc8 24. Kd3 d5 25.
Rc2 Bf6 26. cxd5 exd5 27. Rxc8 Kxc8 28. Nf3 Kd7 29. Nd4 Rc4 30. Nb5 a6 31. Nd4 b5 32. h3 Rc1 33. Rb2 Rd1+ 0-1

[Event "*** Titled Tuesday Blitz"]
[Site "Chess.com"]
[Date "2021.04.27"]
[Round "5"]
[White "queen_iryna"]
[Black "Omk124"]
[Result "0-1"]
[WhiteElo "2381"]
[BlackElo "2558"]
[TimeControl "180+1"]
[EndTime "10:55:57 PDT"]
[Termination "Omk124 won on time"]

1. e4 c5 2. Nf3 d6 3. Bb5+ Bd7 4. Bxd7+ Qxd7 5. c4 Nc6 6. d4 cxd4 7. Nxd4 Nf6 8.
Nc3 g6 9. f3 Bg7 10. Be3 O-O 11. O-O Rfc8 12. b3 a6 13. Rc1 Ne5 14. Qd2 Rab8 15.
Rfd1 b5 16. cxb5 axb5 17. Ncxb5 Rxc1 18. Rxc1 Rxb5 19. Nxb5 Qxb5 20. Rc8+ Bf8 21. Bh6 Nfd7 22. Bxf8 Nxf8 23. Qh6 Qb6+ 24. Kh1 Nd7 25. Qc1 Kg7 26. Qc3+ Nf6 27. a4 Ne6 28. h3 Nc5 29. a5 Qa6 30. b4 Qxc8 31. bxc5 dxc5 32. Qc4 Nd7 33. a6 Qc7 34. Qc3+ e5 35. Qd3 c4 36. Qe3 c3 37.
a7 c2 38. Qc1 Nb6 39. Kh2 Qxa7 40. Qxc2 Nd7 41. Qb2 Qd4 42. Qb7 Nc5 43. Qe7 Ne6 44.
Qb7 Qd2 45. Qb5 Qf4+ 0-1

[Event "*** Titled Tuesday Blitz"]
[Site "Chess.com"]
[Date "2021.04.27"]
[Round "5"]
[White "DarkAlekhine"]
[Black "adriangschnitzer"]
[Result "1/2-1/2"]
[WhiteElo "2682"]
[BlackElo "2511"]
[TimeControl "180+1"]
[EndTime "10:55:59 PDT"]
[Termination "Game drawn by repetition"]

1. e4 c5 2. Nf3 Nc6 3. d4 cxd4 4. Nxd4 g6 5. c4 Bg7 6. Be3 Nf6 7. Nc3 Ng4 8. Qxg4 Nxd4 9. Qd1 Ne6 10. Qd2 Qa5 11. Rb1 Bxc3 12. bxc3 d6 13. Be2 Bd7 14. O-O Bc6 15.
f3 g5 16. Rfd1 b6 17. Rb5 Bxb5 18. cxb5 Rc8 19. Rc1 Nf4 20. Bf1 h6 21. Qb2 f6 22.
g3 Ng6 23. Qb3 Ne5 24. Be2 Rc7 25. f4 gxf4 26. gxf4 Nd7 27. Kf2 Kd8 28. Rg1 Rxc3 29. Qd5 Qb4 30. Qa8+ Rc8 31. Qd5 Kc7 32. Qc6+ Kd8 33. Qd5 Kc7 34. Qc6+ Kd8 35. Qd5 1/2-1/2

[Event "*** Titled Tuesday Blitz"]
[Site "Chess.com"]
[Date "2021.04.27"]
[Round "5"]
[White "Darius321"]
[Black "sm_sharon"]
[Result "1-0"]
[WhiteElo "2291"]
[BlackElo "2147"]
[TimeControl "180+1"]
[EndTime "10:56:00 PDT"]
[Termination "Darius321 won on time"]

1. e4 g6 2. h4 Bg7 3. h5 c5 4. Bc4 Nc6 5. Nf3 d6 6. d3 a6 7. a4 Rb8 8. Nc3 Ne5 9. Nxe5 Bxe5 10. Be3 Bg7 11. a5 e6 12. h6 Bd4 13. Bxd4 cxd4 14. Ne2 e5 15. Qd2 Qe7 16. f4 Be6 17. Bxe6 Qxe6 18.
Ng3 Ne7 19. O-O-O Qa2 20. Qb4 Rc8 21. Kd2 O-O 22. Qxd6 Qxa5+ 23. b4 Rc6 24. Qxe7 Rxc2+ 25. Ke1 Qb6 26. fxe5 Rxg2 27. Rh3 1-0

[Event "*** Titled Tuesday Blitz"]
[Site "Chess.com"]
[Date "2021.04.27"]
[Round "5"]
[White "miredenizdogan"]
[Black "erdni1993"]
[Result "1/2-1/2"]
[WhiteElo "2245"]
[BlackElo "2417"]
[TimeControl "180+1"]
[EndTime "10:56:01 PDT"]
[Termination "Game drawn by repetition"]

1. d4 Nf6 2. c4 e6 3. Nc3 Bb4 4. Qb3 Bxc3+ 5. Qxc3 O-O 6. Bg5 h6 7. Bh4 d5 8. Nf3 c6 9. e3 Ne4 10. Bxd8 Nxc3 11. Be7 Re8 12. bxc3 Rxe7 13. cxd5 exd5 14. c4 Be6 15. cxd5 Bxd5 16. Be2 Nd7 17. O-O b5 18. a4 b4 19. a5 Rb8 20. Rab1 c5 21. Rfc1 Bxf3 22.
Bxf3 cxd4 23. exd4 Nf6 24. a6 Re6 25. Bb7 Rb6 26. Rc4 b3 27. Rc3 Rd8 28. Rcxb3 Rxb3 29. Rxb3 Rxd4 30. g3 Nd7 31. Rc3 Nb6 32. Rc6 Ra4 33.
Rd6 Kf8 34. Rd8+ Ke7 35. Rg8 g6 36. Rh8 h5 37. h4 Ra2 38. Rb8 Kd6 39. Rf8 Ke7 40. Rb8 Ra1+ 41. Kg2 Ra2 42. Kg1 1/2-1/2

[Event "*** Titled Tuesday Blitz"]
[Site "Chess.com"]
[Date "2021.04.27"]
[Round "5"]
[White "Zhigalko_Sergei"]
[Black "DeTimmerman"]
[Result "1-0"]
[WhiteElo "2950"]
[BlackElo "2800"]
[TimeControl "180+1"]
[EndTime "10:56:04 PDT"]
[Termination "Zhigalko_Sergei won by resignation"]

1. e4 e5 2. Nf3 Nc6 3. Bc4 Nf6 4.
d3 Be7 5. O-O O-O 6. Nbd2 d6 7.
c3 Kh8 8. Re1 Ng8 9. d4 f5 10.
dxe5 fxe4 11. Nxe4 Rxf3 12. exd6 cxd6 13. Bxg8 Rf8 14.
Bd5 Ne5 15. Be3 Bg4 16. Qb3 Nd3 17. Rf1 a5 18. a4 Nc5 19. Nxc5 dxc5 20. h3 Bh5 21.
Be4 Rb8 22. Qd5 Qxd5 23. Bxd5 b5 24. axb5 Rxb5 25. Ra2 Bf7 26. Bxf7 Rxf7 27. Rd1 Kg8 28.
Rd5 Bf8 29. g3 Rfb7 30. c4 Rxb2 31. Rxa5 Rc2 32. Ra8 Rcb2 33. Rdd8 1-0

[Event "*** Titled Tuesday Blitz"]
[Site "Chess.com"]
[Date "2021.04.27"]
[Round "5"]
[White "Nikolakis2014"]
[Black "AryanTari"]
[Result "0-1"]
[WhiteElo "2624"]
[BlackElo "2892"]
[TimeControl "180+1"]
[EndTime "10:56:04 PDT"]
[Termination "AryanTari won by resignation"]

1. e4 c6 2. d4 d5 3. e5 Bf5 4. h4 c5 5. dxc5 Nc6 6. Nf3 e6 7. Be3 Bg4 8. Bb5 Nh6 9. Nbd2 Nf5 10. Nb3 Nxe3 11. fxe3 Bxc5 12. Bxc6+ bxc6 13. Nxc5 Qa5+ 14. c3 Qxc5 15. Qd4 Qxd4 16. cxd4 Rb8 17. b3 f6 18.
Rc1 Kd7 19. Kd2 a5 20. Rc5 a4 21. Ra5 Ra8 22. Rxa4 Rxa4 23. bxa4 Bf5 24. Kc3 Ra8 25.
Nd2 Rxa4 26. Kb2 fxe5 27. Nb3 Kd6 28. Rc1 exd4 29. exd4 Ra8 30. Rf1 h5 31. Rf2 e5 32.
Kc3 g6 33. g3 Ra4 34. Rd2 exd4+ 35. Rxd4 Rxa2 36. Rb4 Rg2 37. Rb7 Rxg3+ 38. Kb4 Rg4+ 39.
Ka5 Rxh4 0-1

[Event "*** Titled Tuesday Blitz"]
[Site "Chess.com"]
[Date "2021.04.27"]
[Round "5"]
[White "vovachesss"]
[Black "Yaryi_sergey"]
[Result "1-0"]
[WhiteElo "2614"]
[BlackElo "2428"]
[TimeControl "180+1"]
[EndTime "10:56:04 PDT"]
[Termination "vovachesss won by resignation"]

1. d4 Nf6 2. c4 g6 3. Nc3 d5 4.
cxd5 Nxd5 5. Bd2 Bg7 6. Nf3 O-O 7. e4 Nb6 8. Be3 Bg4 9. Be2 Nc6 10. d5 Bxf3 11.
Bxf3 Ne5 12. Be2 Nec4 13. Bc1 c6 14. O-O cxd5 15. exd5 Rc8 16. Qb3 Bxc3 17. Qxc3 Nxd5 18. Qg3 Qd6 19. Qh4 Ncb6 20. Bf3 Qf6 21. Bg5 Qxb2 22. Bxe7 Rfe8 23. Bg5 Qe5 24. a4 Rc4 25. Qh6 Qg7 26. Qxg7+ Kxg7 27. a5 Re5 28. axb6 axb6 29. Bc1 f6 30.
Bb2 Rf5 31. Ra7 Rc7 32. Rc1 Re7 33. h3 Nf4 34. Rd1 Rb5 35. Bc3 Rb3 36. Bd4 Nxh3+ 37.
gxh3 Rxf3 38. Kg2 Rb3 39. Be3 g5 40. Rd6 Rb2 41. Bxb6 h5 42. Bd4 Rbe2 43. Bxf6+ Kf7 44. Bxe7 Rxe7 45. Rb6 Re4 46. Raxb7+ 1-0

[Event "*** Titled Tuesday Blitz"]
[Site "Chess.com"]
[Date "2021.04.27"]
[Round "5"]
[White "szefru"]
[Black "Julianos82"]
[Result "1-0"]
[WhiteElo "2175"]
[BlackElo "2306"]
[TimeControl "180+1"]
[EndTime "10:56:04 PDT"]
[Termination "szefru won by resignation"]

1. e4 c5 2. Nf3 b6 3. b3 Bb7 4. Nc3 Nf6 5. e5 Nd5 6. Bb2 e6 7. g3 g6 8. Bg2 Bg7 9. O-O O-O 10. Ne4 f5 11. Nd6 Bc6 12. c4 Ne7 13. d4 cxd4 14.
Qxd4 Be4 15. Nxe4 fxe4 16. Qxe4 Nbc6 17. Nd2 Qc7 18. f4 Rad8 19. Rad1 d6 20. exd6 Rxd6 21. Bxg7 Kxg7 22. Nf3 Rfd8 23. Rxd6 Qxd6 24. Ng5 Nd4 25. Bh3 Nef5 26. Kh1 h6 27. Nf3 Nxf3 28. Qxf3 Qd2 29. Rf2 Qe1+ 30. Bf1 Rd1 31. Kg1 Ne3 32. Qb7+ Kf6 33.
Qf3 h5 34. h3 a5 35. g4 hxg4 36.
hxg4 Nxf1 37. Rxf1 Qd2 38. Rxd1 1-0

[Event "*** Titled Tuesday Blitz"]
[Site "Chess.com"]
[Date "2021.04.27"]
[Round "5"]
[White "zmeeed67"]
[Black "Region_07"]
[Result "1-0"]
[WhiteElo "2553"]
[BlackElo "2372"]
[TimeControl "180+1"]
[EndTime "10:56:05 PDT"]
[Termination "zmeeed67 won on time"]

1. d4 d5 2. c4 Nc6 3. cxd5 Qxd5 4. e3 e5 5. Nc3 Bb4 6. a3 Bxc3+ 7. bxc3 Nf6 8. Nf3 O-O 9. Be2 Bg4 10. O-O Rad8 11. Bb2 e4 12. Nd2 Bxe2 13. Qxe2 h5 14. c4 Qf5 15. Rad1 Rfe8 16. h3 b6 17. Nb1 Ne7 18. Nc3 Ng6 19. d5 Nh4 20. Kh1 Ng4 21. Nb5 Nf3 22. Nxc7 Re7 23. Nb5 Rc8 24. Nd6 Qd7 25.
Nxc8 Qxc8 26. d6 Rd7 27. gxf3 Ne5 28. Bxe5 Rxd6 29. Kh2 1-0

[Event "*** Titled Tuesday Blitz"]
[Site "Chess.com"]
[Date "2021.04.27"]
[Round "5"]
[White "InitiatingASC"]
[Black "OlifantCZ"]
[Result "0-1"]
[WhiteElo "2395"]
[BlackElo "2269"]
[TimeControl "180+1"]
[EndTime "10:56:05 PDT"]
[Termination "OlifantCZ won by resignation"]

1. d4 Nf6 2. c4 g6 3. Nc3 Bg7 4. e4 O-O 5. Nf3 d6 6. Be2 c5 7. dxc5 dxc5 8. Qxd8 Rxd8 9. Be3 b6 10. h3 Nc6 11.
Rd1 Bb7 12. O-O Nb4 13. Nd5 Nfxd5 14. cxd5 Bxb2 15. Rb1 Bg7 16. a3 Na6 17. Bg5 Kf8 18. Rfc1 h6 19. Bf4 Rac8 20. Nd2 e6 21. Nc4 g5 22. Nd6 gxf4 23. Nxb7 Nc7 24. Nxd8 Rxd8 25. dxe6 Nxe6 26. a4 Rd4 27. a5 Rxe4 28. Bf3 Rb4 29. Rxb4 cxb4 30. a6 Nc5 31. Be2 b3 32. Rc4 b2 33.
Rb4 Bc3 34. Rb5 Nxa6 35. Bd3 Nc5 36. Bb1 Ke7 37. Kf1 Ke6 38. Ke2 Kd6 39. Ba2 Kc6 40. Bc4 a6 41. Rxc5+ Kxc5 42. Bd3 a5 43. Kd1 Kd4 44.
Kc2 b1=Q+ 45. Kxb1 Kxd3 0-1

[Event "*** Titled Tuesday Blitz"]
[Site "Chess.com"]
[Date "2021.04.27"]
[Round "5"]
[White "CM_rui"]
[Black "kidagent"]
[Result "1-0"]
[WhiteElo "2518"]
[BlackElo "2350"]
[TimeControl "180+1"]
[EndTime "10:56:07 PDT"]
[Termination "CM_rui won by checkmate"]

1. e4 c5 2. Nf3 d6 3. d4 cxd4 4. Nxd4 Nf6 5. f3 a6 6. c4 e5 7. Nc2 Nc6 8. Nc3 Be7 9. Be2 O-O 10. O-O Be6 11. Be3 Rc8 12. Rc1 Qa5 13. Qd2 Rfd8 14. b3 Rd7 15. a3 b5 16. b4 Qd8 17.
cxb5 axb5 18. Bxb5 d5 19. exd5 Nxd5 20. Nxd5 Rxd5 21. Qe2 Bf5 22. Rfd1 Nd4 23. Nxd4 exd4 24. Rxc8 Bxc8 25. Bf2 Be6 26. Bc4 Rd6 27. Bxe6 fxe6 28. Qe4 Bf6 29. Bg3 e5 30. Bxe5 Bxe5 31. Qxe5 d3 32.
Rd2 Rc6 33. Kf2 Rc2 34. Qe6+ Kh8 35. Qe3 Rxd2+ 36. Qxd2 Qd4+ 37. Qe3 Qc3 38. Qe8# 1-0

[Event "*** Titled Tuesday Blitz"]
[Site "Chess.com"]
[Date "2021.04.27"]
[Round "5"]
[White "Chessbard1972"]
[Black "Mikhal867"]
[Result "0-1"]
[WhiteElo "2257"]
[BlackElo "2439"]
[TimeControl "180+1"]
[EndTime "10:56:07 PDT"]
[Termination "Mikhal867 won on time"]

1. d4 g6 2. c4 Bg7 3. Nf3 d6 4. g3 Nf6 5. Bg2 O-O 6. O-O Nbd7 7. Nc3 e5 8. e4 c6 9. h3 Qb6 10. Re1 Qb4 11. Bf1 exd4 12. Nxd4 Re8 13. a3 Qb6 14. Nf3 Nc5 15. Qc2 d5 16. cxd5 cxd5 17. e5 Bf5 18. Qd1 Nfe4 19. Nxd5 Qb3 20. Be3 Rad8 21. Qxb3 Nxb3 22.
Rad1 Nxg3 23. fxg3 Be4 24. Ne7+ Kf8 25. Rxd8 Rxd8 26.
Ng5 Bc2 27. Nxg6+ Bxg6 28. Bc4 Nd4 29. Rf1 Bxe5 30. Bxf7 Ne2+ 31. Kg2 Nxg3 32. Ne6+ Ke7 33. Bg5+ Kd7 34. Nxd8 Nxf1 35. Bxg6 hxg6 36. Kxf1 Bxb2 37. a4 b6 38. Nf7 a6 39. Kf2 b5 40. axb5 axb5 41.
Bd2 Ke6 0-1